 Dungeon Crawl Stone Soup version 0.29.0-4-gdea44cf6ec (webtiles) character file.

Game seed: 2203629147799344594

54 qw the Chopper (level 3, -1/21 HPs)
             Began as a Tengu Warper on Aug 28, 2022.
             Succumbed to an adder's poison
             ... on level 2 of the Dungeon.
             The game lasted 00:00:09 (1785 turns).

qw the Chopper (Tengu Warper)                       Turns: 1785, Time: 00:00:10

Health: -1/21      AC:  3    Str: 13    XL:     3   Next: 91%
Magic:  7/7        EV: 10    Int: 13    God:
Gold:   110        SH:  7    Dex: 13    Spells: 6/6 levels left

rFire   . . .      SeeInvis .   Y - +0 hand axe
rCold   . . .      Faith    .   d - +0 kite shield
rNeg    . . .      Spirit   .   b - +0 leather armour
rPois   .          Reflect  .   (helmet restricted)
rElec   .          Harm     .   (no cloak)
rCorr   .          Rampage  .   (no gloves)
Will    .....                   (boots unavailable)
Stlth   +.........              (no amulet)
HPRegen 0.07/turn               (no ring)
MPRegen 0.10/turn               (no ring)

@: lethally poisoned (-1 -> -10), about to teleport
A: beak, talons 3
a: no special abilities


You were on level 2 of the Dungeon.
You visited 1 branch of the dungeon, and saw 2 of its levels.

You collected 110 gold pieces.


Innate Abilities, Weirdness & Mutations

You have a beak for a mouth.
You have claws for feet.


   Skills:
 - Level 2.0 Fighting
 - Level 3.9 Axes
 - Level 1.0 Throwing
 - Level 1.1 Armour
 - Level 2.1 Dodging
 + Level 1.7 Shields
 - Level 2.0 Spellcasting
 - Level 2.4 Translocations


You had 6 spell levels left.
You didn't know any spells.
Your spell library contained the following spells:

 Spells                   Type           Power      Damage    Failure   Level
 Blink                    Tloc           14%        N/A       52%         2
 Gell's Gravitas          Tloc           7%         N/A       77%         3
 Lesser Beckoning         Tloc           7%         N/A       77%         3
 Teleport Other           Tloc           7%         N/A       77%         3
 Manifold Assault         Tloc           7%         N/A       100%        5

Inventory:

Hand Weapons
 m - a +0 mace
 Y - a +0 hand axe (weapon)
Armour
 b - a +0 leather armour (worn)
 c - a +0 pair of gloves
 d - a +0 kite shield (worn)
Scrolls
 a - a scroll of butterflies {unknown}
 k - a scroll of teleportation
Potions
 h - a potion of curing {unknown}

Dungeon Overview and Level Annotations

Branches:
Dungeon (2/15)

Altars:


Message History

You start waiting.
Done waiting.
There is an open door, spattered with blood here.
You see here an adder corpse.
1772 ||| Stepping ~*~*~tactically~*~*~ (hiding).
You start waiting.
A dart slug is nearby!
The dart slug launches a dart at you.
The slug dart hits you but does no damage.
There is an open door, spattered with blood here.
You see here an adder corpse.
A goblin comes into view. It is wielding a +0 club.
The goblin shouts!
An adder comes into view.
The adder hisses angrily.
You hit the dart slug. You claw the dart slug.
The dart slug is severely wounded.
You hit the dart slug.
You kill the dart slug!
You closely miss the goblin. Your kick misses the goblin.
You block the adder's attack. The goblin hits you but does no damage.
You closely miss the adder. You closely miss the goblin.
The adder completely misses you. You block the goblin's attack.
The adder bites you.
You are poisoned.
The adder poisons you!
You hit the adder. You peck the adder.
The adder is moderately wounded.
You hit the goblin but do no damage.
You feel sick. The adder bites you.
You are lethally poisoned!
The adder poisons you! The goblin hits you with a +0 club. The adder bites you.
1784 ||| READING 2 scrolls of teleportation.
As you read the scroll of teleportation, it crumbles to dust.
You feel strangely unstable.
You feel sick. The goblin hits you but does no damage. The adder bites you.
You miss the adder. Your kick misses the adder.
The adder is moderately wounded.
You closely miss the goblin.
You die...

..#### ..'... ..
..##### #.# #
.......# #..##..
.......# .......
.......# .......
.......#
##.......
.......#
#gS...$$.
.......#
###@.......
.......#
#.%........
.......##
#.#........
........#
##.#........
........#
###..#########
........###...##
#######.#...###
#.#.###
#######...#


You could see an adder and a goblin.

Vanquished Creatures
  An adder (D:2)
  A worm (D:2)
  3 dart slugs
  3 ball pythons (D:1)
  An endoplasm (D:1)
  2 giant cockroaches (D:1)
  5 goblins
  5 hobgoblins
  A kobold (D:2)
  A quokka (D:1)
  5 bats
  3 frilled lizards
  4 rats (D:1)
35 creatures vanquished.

Vanquished Creatures (others)
  3 plants (D:1)
3 creatures vanquished.

Grand Total: 38 creatures vanquished

Notes
Turn   | Place    | Note
-------+----------+-------------------------------------------
     0 | D:1      | qw the Tengu Warper began the quest for the Orb.
     0 | D:1      | Reached XP level 1. HP: 12/12 MP: 4/4
     0 | D:1      | 0 ||| qw: Version: 0.1-a-89-g26bdef1
     0 | D:1      | 0 ||| qw: Game counter: 770
     0 | D:1      | 0 ||| qw: Always use a shield: true
     0 | D:1      | 0 ||| qw: God list: Okawaru
     0 | D:1      | 0 ||| qw: Allow faded altars: false
     0 | D:1      | 0 ||| qw: Do Orc after D:15 true
     0 | D:1      | 0 ||| qw: Do second Lair branch before Depths: true
     0 | D:1      | 0 ||| qw: Lair rune preference: random
     0 | D:1      | 0 ||| qw: Plans: Normal
     0 | D:1      | 0 ||| PLANNING D:1-11
   128 | D:1      | Reached XP level 2. HP: 17/17 MP: 6/6
   134 | D:1      | Reached skill level 3 in Axes
   137 | D:1      | HP: 3/17 [hobgoblin (4)]
   435 | D:1      | 435 ||| Stepping ~*~*~tactically~*~*~ (stealth).
   436 | D:1      | 436 ||| Stepping ~*~*~tactically~*~*~ (stealth).
   927 | D:1      | Found a faded altar of an unknown god.
   943 | D:1      | Reached XP level 3. HP: 19/21 MP: 7/7
  1217 | D:1      | 1217 ||| DROPPING +0 club.
  1475 | D:1      | 1475 ||| UPGRADING to +0 kite shield.
  1480 | D:1      | 1480 ||| READING scroll labelled JAICO FAASUT.
  1481 | D:1      | 1481 ||| READING 3 scrolls labelled UFATUUGHYF.
  1482 | D:1      | 1482 ||| READING scroll labelled AMEEGRAAVE.
  1483 | D:1      | 1483 ||| READING scroll labelled GEITSO FOHEETH.
  1484 | D:1      | 1484 ||| READING 3 scrolls labelled LOOHOW APHIFEU.
  1489 | D:1      | 1489 ||| READING scroll labelled SUGGIE MEMUUSCH.
  1490 | D:1      | 1490 ||| DROPPING scroll of blinking.
  1491 | D:1      | 1491 ||| DROPPING 2 scrolls of amnesia.
  1588 | D:2      | 1588 ||| Stepping ~*~*~tactically~*~*~ (stealth).
  1590 | D:2      | 1590 ||| Stepping ~*~*~tactically~*~*~ (stealth).
  1592 | D:2      | 1592 ||| Stepping ~*~*~tactically~*~*~ (stealth).
  1594 | D:2      | 1594 ||| Stepping ~*~*~tactically~*~*~ (stealth).
  1601 | D:2      | Reached skill level 1 in Shields
  1670 | D:2      | 1670 ||| Stepping ~*~*~tactically~*~*~ (hiding).
  1772 | D:2      | 1772 ||| Stepping ~*~*~tactically~*~*~ (hiding).
  1783 | D:2      | HP: 5/21 [adder (3)]
  1784 | D:2      | 1784 ||| READING 2 scrolls of teleportation.
  1784 | D:2      | HP: 2/21 [adder (1)]
  1785 | D:2      | Succumbed to an adder's poison

Levels and vault maps discovered:
D:1:      psy_arrival_spokes, layout_loops_ring,
          dreamdust_ecumenical_altar_statues, serial_bayou, serial_bayou_pond_e,
          serial_bayou_pond_b, serial_bayou_shore_b, serial_bayou_pond_a
D:2:      layout_basic, uniq_natasha

Skill      XL: |  1  2  3 |
---------------+----------+-----
Axes           | 3 |  3.9
Shields        | 1 |  1.7
Fighting       | |  2.0
Throwing       | |  1.0
Armour         | |  1.1
Dodging        | |  2.1
Spellcasting   | |  2.0
Translocations | |  2.4

Action                   || total
-------------------------++-------
Melee: Hand axe          ||    80
       Kick              ||    17
       Peck              ||    10
Throw: Boomerang         ||     7
  Use: Scroll            ||     7
Armor: Leather armour    ||    35
Dodge: Dodged            ||    44
Block: Kite shield       ||     9

Table legend:
 A = Non-vault XP
 B = Vault XP
 C = Vault XP percentage of total XP
 D = Non-vault monster count
 E = Vault monster count
 F = Vault count percentage of total count
                 A         B        C        D         E       F
            +---------+---------+-------+---------+---------+-------
      Total |      69 |       9 |  11.5 |      31 |       4 |  11.4
            +---------+---------+-------+---------+---------+-------
        D:1 |      32 |       9 |  22.0 |      21 |       4 |  16.0
        D:2 |      37 |       0 |   0.0 |      10 |       0 |   0.0
            +---------+---------+-------+---------+---------+-------
